 Dungeon Crawl Stone Soup version 0.25-a0-365-g7600c65 (webtiles) character file.

Game seed: 2828054909833298922, levelgen mode: deterministic

350 Birdy the Sneak (level 6, -14/30 HPs)
             Began as a Vine Stalker Assassin on Jan 5, 2020.
             Demolished by an ogre
             ... wielding a +0 giant club
              (26 damage)
             ... on level 4 of the Dungeon on Jan 6, 2020.
             The game lasted 00:07:21 (3485 turns).

Birdy the Sneak (Vine Stalker Assassin)             Turns: 3485, Time: 00:07:21

Health: -14/30     AC:  5    Str: 14    XL:     6   Next: 61%
Magic:  0/9        EV: 12    Int: 11    God:
Gold:   185        SH:  0    Dex: 17    Spells: 7/7 levels left

rFire    . . .     SeeInvis .   m - +2 dagger (speed)
rCold    . . .     Gourm    .   (no shield)
rNeg     . . .     Faith    .   b - +0 robe
rPois    .         Spirit   +   (no helmet)
rElec    .         Reflect  .   c - +1 cloak
rCorr    .         Harm     .   o - +0 pair of gloves
MR       .....                  (no boots)
Stlth    +++.......             (no amulet)
HPRegen  0.50/turn              l - ring of flight
MPRegen  0.11/turn              (no ring)

@: no status effects
A: fangs 2, regeneration 1, magic shield, antimagic bite, no potion heal 3, rot
immunity
a: Evoke Flight


You were on level 4 of the Dungeon.
You were hungry.

You visited 1 branch of the dungeon, and saw 4 of its levels.

You collected 185 gold pieces.

Inventory:

Hand Weapons
 m - a +2 dagger of speed (weapon)
Missiles
 d - 38 poisoned darts
 e - a curare-tipped dart (quivered)
Armour
 b - a +0 robe (worn)
 c - a +1 cloak (worn)
 o - a +0 pair of gloves (worn)
Jewellery
 l - a ring of flight (left hand)
Scrolls
 g - 2 scrolls of enchant armour
 h - a scroll of magic mapping
 i - 2 scrolls of identify
 j - 2 scrolls of teleportation
 k - a scroll of amnesia
 n - a scroll of remove curse
Potions
 a - a potion of haste
Comestibles
 f - 8 rations


   Skills:
 + Level 2.2 Fighting
 - Level 5.0 Short Blades
 - Level 1.7 Throwing
 + Level 1.2 Dodging
 + Level 6.1 Stealth
 * Level 1.3 Spellcasting


You had 7 spell levels left.
You didn't know any spells.
Your spell library was empty.

Dungeon Overview and Level Annotations

Branches:
Dungeon (4/15)
 Temple: D:4-7

Altars:

Shops:
D:4 [

Annotations:
D:4 2 transporters


Innate Abilities, Weirdness & Mutations

You have extremely sharp teeth.
Your natural rate of healing is unusually fast.
When hurt, damage is shared between your health and your magic reserves.
Your bite disrupts and absorbs the magic of your enemies.
Potions cannot restore your health.
You are immune to rotting.


Message History

You are too injured to fight recklessly!
You are too injured to fight recklessly!
You are too injured to fight recklessly!
Unknown command.
You see here a quokka skeleton.
The leopard gecko bites you.
Quiver which item? (- for none, * to show all) (? for menu, Esc to quit)
Quivering
e - 2 curare-tipped darts for throwing.
Throwing (i - inventory. (/) - cycle)
e - 2 curare-tipped darts (quivered)
Press: ? - help, Shift-Dir - straight line, f - scorpion
Aim: a scorpion You throw a curare-tipped dart.
The curare-tipped dart hits the scorpion.
The scorpion is poisoned.
The scorpion convulses.
The scorpion seems to slow down.
The scorpion is moderately wounded.
The leopard gecko barely misses you.
The ogre hits you with a +0 giant club!!
Ouch! That really hurt!
You die...

#.# #.....##############. #.#
#.................... #.#
#......#######....... ##.#
#...÷............#'#.
###..###......#######...+∩+.
#......##...............#+#.
#.##...........######.......
##.##......lO...+............
#####..##.......@...##..##...#.#.
......###................#...#.#.
.......##............#..##.....#.
#......##...##+#'#s#.........#.#.
............. .....##..##.###.#.
.##.......... .....##..##.......
.##......... .....##.........##
.##........# ......###O######.#
###........# #<# #.#


You could see an ogre, a scorpion and a leopard gecko.

Vanquished Creatures
  An ogre (D:4)
  Natasha (thrice) (D:2)
  An orc wizard (D:3)
  3 gnolls
  4 adders
  2 worms (D:3)
  3 dart slugs
  2 leopard geckos (D:2)
  3 orcs (D:3)
  2 bats
  5 giant cockroaches
  8 goblins
  8 hobgoblins
  17 jackals
  2 quokkas
  2 ball pythons
  3 frilled lizards
  A jackal skeleton (D:4)
  6 kobolds
  3 rats
79 creatures vanquished.

Notes
Turn   | Place    | Note
-------+----------+-------------------------------------------
     0 | D:1      | Birdy the Vine Stalker Assassin began the quest for the
                  | Orb.
     0 | D:1      | Reached XP level 1. HP: 11/11 MP: 2/2
   287 | D:1      | Reached XP level 2. HP: 15/15 MP: 3/3
   969 | D:1      | Reached XP level 3. HP: 17/18 MP: 4/4
  1634 | D:2      | Gained mutation: Your natural rate of healing is unusually
                  | fast. [Vine Stalker growth]
  1634 | D:2      | Reached XP level 4. HP: 4/23 MP: 0/5
  1707 | D:2      | Noticed Natasha
  1900 | D:2      | Killed Natasha
  1939 | D:2      | Noticed Natasha
  2045 | D:2      | Killed Natasha
  2045 | D:2      | Reached XP level 5. HP: 5/26 MP: 2/6
  2048 | D:2      | Noticed Natasha
  2106 | D:2      | Killed Natasha
  2106 | D:2      | Reached skill level 5 in Short Blades
  2213 | D:2      | Reached skill level 5 in Stealth
  2766 | D:3      | Reached XP level 6. HP: 12/30 MP: 7/7
  2769 | D:3      | Reached skill level 1 in Dodging
  3138 | D:4      | Found Ibravaim's Armour Emporium.
  3304 | D:4      | Found a transporter.
  3305 | D:4      | Found a transporter.
  3357 | D:4      | Reached skill level 6 in Stealth
  3357 | D:4      | Reached skill level 1 in Spellcasting
  3392 | D:4      | Noticed a phantom
  3485 | D:4      | Demolished by an ogre

Levels and vault maps discovered:
D:1:      tarquinn_simple_flora_water_f, layout_basic
D:2:      layout_rooms, first_ration, grunt_ministairs_12, uniq_natasha
D:3:      layout_basic
D:4:      minmay_bubble_buster, layout_basic, kennysheep_little_box,
          gammafunk_ghost_gnarly_gnolls, serial_shops, kennysheep_mini_moat

Skill      XL: |  1  2  3  4  5  6 |
---------------+-------------------+-----
Short Blades   | 2 3 4 5 |  5.0
Stealth        | 5 6 |  6.1
Fighting       | 2 |  2.2
Dodging        | 1 |  1.2
Spellcasting   | 1 |  1.3
Throwing       | |  1.7

Action                   |  1- 3 |  4- 6 || total
-------------------------+-------+-------++-------
Melee: Dagger            |    87 |   181 ||   268
       Bite              |    18 |    43 ||    61
Throw: Dart              |       |     1 ||     1
  Use: Scroll            |     4 |     5 ||     9
       Potion            |     3 |     3 ||     6
 Stab: Sleeping          |     5 |    10 ||    15
       Distracted        |       |     2 ||     2
  Eat: Ration            |     1 |       ||     1
       Chunk             |       |     4 ||     4
Armor: Robe              |    16 |    35 ||    51
Dodge: Dodged            |    45 |    83 ||   128

Table legend:
 A = Non-vault XP
 B = Vault XP
 C = Vault XP percentage of total XP
 D = Non-vault monster count
 E = Vault monster count
 F = Vault count percentage of total count
                 A         B        C        D         E       F
            +---------+---------+-------+---------+---------+-------
      Total |     459 |      42 |   8.4 |      76 |       3 |   3.8
            +---------+---------+-------+---------+---------+-------
        D:1 |      64 |       0 |   0.0 |      22 |       0 |   0.0
        D:2 |     163 |      42 |  20.5 |      30 |       3 |   9.1
        D:3 |      88 |       0 |   0.0 |      18 |       0 |   0.0
        D:4 |     144 |       0 |   0.0 |       6 |       0 |   0.0
            +---------+---------+-------+---------+---------+-------
